 Dungeon Crawl Stone Soup version 0.29-a0-577-gafbf2c5d25 (webtiles) character file.

Game seed: 6256075246043865901

11 DocClef the Sneak (level 2, -4/26 HPs)
             Began as a Draconian Delver on June 13, 2022.
             Slain by an iguana (7 damage)
             ... on level 5 of the Dungeon.
             The game lasted 00:00:13 (337 turns).

DocClef the Sneak (Draconian Delver)                 Turns: 337, Time: 00:00:13

Health: -4/26      AC:  4    Str: 14    XL:     2   Next: 13%
Magic:  2/2        EV: 12    Int: 10    God:
Gold:   109        SH:  0    Dex: 12    Spells: 1/1 levels left

rFire   . . .      SeeInvis .   a - +0 short sword
rCold   . . .      Faith    .   (no shield)
rNeg    . . .      Spirit   .   (body armour unavailable)
rPois   .          Reflect  .   (helmet restricted)
rElec   .          Harm     .   (no cloak)
rCorr   .          Rampage  .   (no gloves)
Will    .....                   (no boots)
Stlth   +++.......              (no amulet)
HPRegen 0.08/turn               (no ring)
MPRegen 0.08/turn               (no ring)

@: no status effects
A: AC +4, unfitting armour, cold-blooded
a: no special abilities


You were on level 5 of the Dungeon.
You visited 1 branch of the dungeon, and saw 1 of its levels.

You collected 109 gold pieces.

Inventory:

Hand Weapons
 a - a +0 short sword (weapon)
Wands
 f - a wand of digging (3)
Scrolls
 b - a scroll of fog
 c - a scroll of magic mapping
 d - a scroll of fear
 g - a scroll of teleportation {unknown}
 h - 2 scrolls of enchant weapon {unknown}
 i - 3 scrolls of identify {unknown}
Potions
 e - a potion of haste
 j - a potion of curing {unknown}


   Skills:
 + Level 3.4 Fighting
 + Level 2.2 Short Blades
 + Level 2.0 Dodging
 + Level 4.6 Stealth


You had one spell level left.
You didn't know any spells.
Your spell library was empty.

Dungeon Overview and Level Annotations

Branches:
Dungeon (5/15)
 Temple: D:4-7

Altars:
Hepliaklqana
Nemelex Xobeh


Innate Abilities, Weirdness & Mutations

Your plain brown scales are hard. (AC +4)
You cannot fit into any form of body armour.
You are cold-blooded and may be slowed by cold attacks.


Message History

As you open the door, it creaks loudly!
There is an open door here.
There is an open door here.
There is a stone staircase leading down here.
You open the door.
There is an open door here.
h - 2 scrolls labelled KOCUVASUGA (gained 1)
Found a hazy altar of Hepliaklqana.
An iguana and an adder come into view.
The iguana hisses angrily.
There are monsters nearby!
Found a sparkling altar of Nemelex Xobeh.
The iguana hisses menacingly.
The iguana barely misses you. The iguana attacks as you move away!
The iguana barely misses you.
You barely miss the iguana. The iguana bites you!
You completely miss the iguana. The iguana misses you.
You closely miss the iguana. You barely miss the iguana. The iguana bites you!
You hit the iguana but do no damage. The iguana bites you!
* * * LOW HITPOINT WARNING * * *
You hit the iguana.
The iguana is lightly wounded.
The iguana misses you.
You hit the iguana.
The iguana is moderately wounded.
The iguana barely misses you.
You hit the iguana.
Your tail-slap misses the iguana.
The iguana is heavily wounded.
The iguana bites you but does no damage.
You hit the iguana but do no damage.
The iguana is heavily wounded.
The iguana barely misses you.
You barely miss the iguana.
The iguana is heavily wounded.
The iguana closely misses you.
You hit the iguana.
The iguana is heavily wounded.
The iguana bites you!
You die...

#.#
#.....#.#.######.#.
#.#######.#.#.# #.#.
#####.........#.#.##
#.#.
#.......#######.#..#
#.#.
##########...##.##.#
#.#. #.........#
#.#. #.....#####
#.## #.....# #@....#
#l#+### #...# #...#
#...# #.♣.# ....#
.._..# ._...##


You could see an iguana.

Vanquished Creatures
  An adder (D:5)
  An orc (D:5)
2 creatures vanquished.

Notes
Turn   | Place    | Note
-------+----------+-------------------------------------------
     0 | D:5      | DocClef the Draconian Delver began the quest for the Orb.
     0 | D:5      | Reached XP level 1. HP: 19/19 MP: 1/1
   222 | D:5      | Reached XP level 2. HP: 26/26 MP: 2/2
   317 | D:5      | Found a hazy altar of Hepliaklqana.
   321 | D:5      | Found a sparkling altar of Nemelex Xobeh.
   337 | D:5      | Slain by an iguana

Illustrated notes

Levels and vault maps discovered:
D:5:      layout_basic, nicolae_overflow_hallway_of_the_gods

Skill      XL: |  1 |
---------------+----+-----
Dodging        | 2 |  2.0
Fighting       | |  3.4
Short Blades   | |  2.2
Stealth        | |  4.6

Action                   || total
-------------------------++-------
Melee: Short sword       ||    20
       Tailslap          ||     1
 Stab: Sleeping          ||     1
Armor: Skin              ||     2
Dodge: Dodged            ||    15

Table legend: (Time is in decaauts)
 A = Elapsed time spent in this place.
 B = Non-inter-level travel time spent in this place.
 C = Inter-level travel time spent in this place.
 D = Time resting spent in this place.
 E = Time spent auto-exploring this place.
 F = Levels seen in this place.
 G = Mean time per level.
                   A        B        C        D        E       F      G
               +--------+--------+--------+--------+--------+-----+--------+
         Total |    336 |    336 |      0 |      0 |    292 |   1 |  336.0 |
       Dungeon |    336 |    336 |      0 |      0 |    292 |   1 |  336.0 |
               +--------+--------+--------+--------+--------+-----+--------+

Top non-repeatable levels by time:
     D:5: 336 daAuts
